 Dungeon Crawl Stone Soup version 0.30.1-11-g7821555f0a (webtiles) character file.

Game seed: 17225487107104567469

944 Gumption the Cleaver (level 7, -5/96 HPs)
             Began as a Minotaur Berserker on Nov 4, 2023.
             Was a Priest of Trog.
             Killed by divine providence
             ... invoked by an orc priest
              (13 damage)
             ... on level 4 of the Dungeon.
             The game lasted 00:26:39 (3922 turns).

Gumption the Cleaver (Minotaur Berserker)           Turns: 3922, Time: 00:26:39

Health: -5/96      AC: 11    Str: 23    XL:     7   Next: 88%
Magic:  6/6        EV:  8    Int:  4    God:    Trog [***...]
Gold:   221        SH:  4    Dex: 10    Spells: 6/6 levels left

rFire   . . .        a - +0 war axe
rCold   . . .        w - +0 buckler
rNeg    . . .        g - +0 chain mail
rPois   .            (helmet restricted)
rElec   .            p - +0 cloak
rCorr   .            (no gloves)
SInv    .            (no boots)
Will    ++...        (no amulet) Stlth
                     (no ring)
HPRegen 1.36/turn    (no ring)
MPRegen 0.10/turn

%: no passive effects
@: berserking, strong-willed, regenerating, hasted, very quick
A: horns 2, retaliatory headbutt
a: Renounce Religion, Berserk, Trog's Hand


You were on level 4 of the Dungeon.
You worshipped Trog.
Trog was most pleased with you.
You visited 1 branch of the dungeon, and saw 4 of its levels.
You also visited: Sewer.

You collected 257 gold pieces.
You spent 36 gold pieces at shops.

Inventory:

Hand Weapons
 a - a +0 war axe (weapon)
 s - a +0 hand axe
Missiles
 c - 50 stones
 i - 3 javelins
 j - 3 boomerangs (quivered)
Armour
 g - a +0 chain mail (worn)
 p - a +0 cloak (worn)
 w - a +0 buckler (worn)
Jewellery
 y - a ring of ice
Wands
 x - a wand of digging (4)
Scrolls
 b - a scroll of amnesia {unknown}
 h - 4 scrolls of poison {unknown}
 l - 2 scrolls of teleportation {unknown}
 o - a scroll of vulnerability {unknown}
 q - a scroll of silence {unknown}
 u - a scroll of noise {unknown}
Potions
 d - 2 potions of mutation
 e - 2 potions of attraction
 f - 3 potions of curing
 k - 2 potions of ambrosia
 m - a potion of haste
 n - a potion of cancellation
 r - 2 potions of might {unknown}
 t - a potion of invisibility {unknown}
 v - 2 potions of resistance
 z - a potion of flight {unknown}


   Skills:
 + Level 6.4 Fighting
 * Level 8.3 Axes
 + Level 5.7 Armour
 - Level 2.1 Dodging
 + Level 2.2 Shields


You had 6 spell levels left.
You didn't know any spells.
Your spell library was empty.

Dungeon Overview and Level Annotations

Branches:
Dungeon (4/15)              Sewer (visited)
 Temple: D:4-7

Altars:
Zin

Shops:
D:1 !


Innate Abilities, Weirdness & Mutations

You have a pair of horns on your head.
You reflexively headbutt those who attack you in melee.


Message History

You hit the hobgoblin.
The hobgoblin is heavily wounded.
The hobgoblin hits you but does no damage.
You hit the hobgoblin. Your headbutt misses the hobgoblin.
The hobgoblin is severely wounded.
The orc priest mumbles some strange prayers to Beogh against you.
Beogh smites you!
The orc priest calls down the wrath of Beogh upon you.
Beogh smites you! The hobgoblin hits you.
You hear a shout!
You slash the hobgoblin!
You kill the hobgoblin!
Trog accepts your kill.
You feel the effects of Trog's Hand fading.
You hear a shout!
The orc priest calls down the wrath of Beogh upon you.
Beogh smites you!
* * * LOW HITPOINT WARNING * * *
An orc priest comes into view. It is wielding a +0 whip.
The orc priest closely misses you.
Okay, then.
Okay, then.
You feel yourself speed up.
The orc priest hits you but does no damage.
You closely miss the orc priest. Your headbutt misses the orc priest.
Your skin crawls.
You feel strong-willed.
The orc priest calls down the wrath of Beogh upon you.
Beogh smites you!
* * * LOW HITPOINT WARNING * * *
A red film seems to cover your vision as you go berserk!
You feel yourself moving faster!
You feel mighty! The orc priest barely misses you.
You barely miss the orc priest. Your headbutt misses the orc priest.
You slash the orc priest! You headbutt the orc priest.
You kill the orc priest!
Trog accepts your kill.
The orc priest mumbles some strange prayers to Beogh against you.
Beogh smites you!
You die...

..# .. ##.. ... #o. #o#
#)# #@# ..#.#.# #.#.#.#
#.#.#.# ### #.#.#.#
.... #.#.#.#
###..#.#.#.#
#......†.#.############
#.###................#


You could see 2 orc priests.

Vanquished Creatures
  Grinder (Sewer)
  Menkaure (D:4)
  A kobold brigand (Sewer)
  A necrophage (Sewer)
  A scorpion (D:4)
  A wight (Sewer)
  A jelly (D:3)
  4 orc priests
  4 orc wizards
  6 adders
  2 shadow imps (Sewer)
  6 ufetubi (Sewer)
  2 dart slugs (D:3)
  6 orcs
  7 bats
  7 endoplasms
  6 giant cockroaches
  5 goblins
  4 hobgoblins
  17 kobolds
  6 quokkas
  8 ball pythons
  5 frilled lizards
  3 rats
105 creatures vanquished.

Notes
Turn   | Place    | Note
-------+----------+-------------------------------------------
     0 | D:1      | Gumption the Minotaur Berserker began the quest for the
                  | Orb.
     0 | D:1      | Reached XP level 1. HP: 19/19 MP: 0/0
   487 | D:1      | Reached skill level 4 in Axes
   487 | D:1      | Reached XP level 2. HP: 24/27 MP: 1/1
   639 | D:1      | Found Joirim's Distillery.
   659 | D:1      | Bought a potion of curing for 36 gold pieces
  1072 | D:2      | Reached ** piety under Trog
  1170 | D:2      | Reached XP level 3. HP: 33/33 MP: 2/2
  1677 | D:3      | Reached XP level 4. HP: 39/41 MP: 3/3
  1682 | D:3      | Reached skill level 5 in Axes
  1779 | D:3      | Reached XP level 5. HP: 47/47 MP: 4/4
  1779 | D:3      | Found a glowing drain.
  1800 | Sewer    | Entered a sewer
  1869 | Sewer    | Reached *** piety under Trog
  2018 | Sewer    | Found an ancient bone altar of Kikubaaqudgha.
  2051 | Sewer    | Reached skill level 5 in Fighting
  2051 | Sewer    | Reached skill level 6 in Axes
  2232 | Sewer    | Noticed Grinder
  2297 | Sewer    | Killed Grinder
  2298 | Sewer    | Reached skill level 7 in Axes
  2298 | Sewer    | Reached XP level 6. HP: 51/56 MP: 5/5
  2458 | Sewer    | Reached XP level 7. HP: 62/62 MP: 6/6
  2467 | Sewer    | Reached skill level 5 in Armour
  2630 | D:3      | Found a glowing silver altar of Zin.
  3528 | D:4      | Noticed Menkaure
  3538 | D:4      | Killed Menkaure
  3539 | D:4      | Reached skill level 1 in Shields
  3673 | D:4      | Reached skill level 8 in Axes
  3919 | D:4      | HP: 3/64 [orc priest/divine providence (14)]
  3922 | D:4      | Killed from afar by an orc priest

Illustrated notes

Levels and vault maps discovered:
D:1:      lightli_iron_boxes, layout_basic, serial_shops,
          nicolae_shop_tiny_statue_garden
D:2:      layout_rooms
D:3:      layout_basic, mainiacjoe_overflow_chevrons, portal_sewer_entry_f
D:4:      layout_basic, minmay_temple_entry_poolview, uniq_menkaure

Skill      XL: |  1  2  3  4  5  6  7 |
---------------+----------------------+-----
Axes           | 4 5 7 8 |  8.3
Fighting       | 4 5 6 |  6.4
Armour         | 3 4 5 |  5.7
Shields        | 2 |  2.2
Dodging        | |  2.1

Action                     |  1- 3 |  4- 6 |  7- 9 || total
---------------------------+-------+-------+-------++-------
  Melee: Hand axe          |    79 |    37 |       ||   116
         Headbutt          |     4 |    13 |    13 ||    30
         War axe           |       |    66 |    63 ||   129
 Invoke: Trog's Hand       |       |     2 |     4 ||     6
         Berserk           |       |     1 |     1 ||     2
    Use: Scroll            |     5 |     1 |       ||     6
         Potion            |       |       |     1 ||     1
 Armour: Animal skin       |     4 |       |       ||     4
         Chain mail        |    27 |    74 |    21 ||   122
  Dodge: Dodged            |    39 |    78 |    28 ||   145
  Block: Buckler           |       |       |     5 ||     5
